 Dungeon Crawl Stone Soup version 0.17.1-3-g152610e (webtiles) character file.

18666 Heskey the Bludgeoner (level 12, -11/140 HPs)
             Began as an Ogre Berserker on Mar 29, 2016.
             Was the Champion of Trog.
             Mangled by a salamander stormcaller
             ... wielding a +0 trident
              (28 damage)
             ... on level 12 of the Dungeon.
             The game lasted 00:29:53 (14332 turns).

Heskey the Bludgeoner (Ogre Berserker)             Turns: 14332, Time: 00:29:54

Health: -11/140    AC:  9    Str: 35    XL:     12   Next: 60%
Magic:  12/12      EV: 13    Int: -1 (6) God:    Trog [******]
Gold:   486        SH:  0    Dex:  9    Spells: 0 memorised, 11 levels left

rFire  . . .     SeeInvis +     m - +1 giant spiked club
rCold  . . .     Clarity  .     b - +2 animal skin
rNeg   . . .     SustAt   .     (shield currently unavailable)
rPois  .         Gourm    .     h - +2 hat
rElec  .         Spirit   .     B - +1 cloak
rCorr  .         Warding  .     (gloves unavailable)
rMut   .         Stasis   .     (boots unavailable)
MR     +....                    v - amulet of regeneration
Stlth  +.........               o - +4 ring of strength
                                a - ring of see invisible

@: slowed, lost intelligence, very slow, somewhat resistant to hostile
enchantments, very unstealthy
A: unfitting armour, strong 1, tough skin 1
a: Berserk, Trog's Hand, Brothers in Arms, Burn Spellbooks, Renounce Religion


You were on level 12 of the Dungeon.
You worshipped Trog.
Trog was exalted by your worship.
You were not hungry.

You visited 1 branch of the dungeon, and saw 13 of its levels.
You also visited: Sewer.

You collected 970 gold pieces.
You spent 484 gold pieces at shops.

Inventory:

Hand Weapons
 m - a +1 giant spiked club (weapon)
 s - a +10 quick blade
 D - a +2 great mace of crushing
Missiles
 r - 4 large rocks (quivered)
Armour
 b - a +2 animal skin (worn)
 h - a +2 hat (worn)
 B - a +1 cloak (worn)
Jewellery
 a - a ring of see invisible (left hand)
 o - a +4 ring of strength (right hand)
 v - an amulet of regeneration (around neck)
Wands
 l - a wand of fireball (11)
 u - a wand of random effects (23)
 E - a wand of lightning (5)
Scrolls
 e - 8 scrolls of remove curse
 f - 8 scrolls of identify
 j - 2 scrolls of fear
 n - a scroll of enchant armour
 p - 2 scrolls of teleportation
 x - a scroll of amnesia
 y - a scroll of fog
 C - a scroll of magic mapping
Potions
 i - 2 potions of might
 q - 3 potions of agility
 t - 7 potions of curing
 z - 3 potions of flight
 F - a potion of mutation {unknown}
Comestibles
 c - 6 bread rations
 d - 6 beef jerkies
 g - 4 fruits
 w - 3 meat rations
 A - 9 royal jellies


   Skills:
 + Level 14.9 Fighting
 + Level 15.4 Maces & Flails
 + Level 1.6 Armour
 + Level 10.9 Dodging


You had 11 spell levels left.
You didn't know any spells.

Dungeon Overview and Level Annotations

Branches:
Dungeon (13/15)            Temple (0/1) D:4            Lair (0/8) D:10
    Orc: D:9-12      Vaults: D:13-14

Altars:
Ashenzari

Shops:
D:6 ?   D:7 =   D:8 %   D:12 *

Portals:
Trove: D:10 (give +2 storm dragon armour)


Innate Abilities, Weirdness & Mutations

You are too large for most types of armour.
You have tough skin (AC +1).
Your muscles are strong. (Str +2)


Message History

The great blast of fire engulfs the salamander stormcaller.
The salamander stormcaller partially resists.
You hear a shout!
Put on which piece of jewellery? (? for menu, Esc to quit)
Okay, then.
Read which item? (? for menu, Esc to quit)
You almost manage to decipher the scroll, but fail in this attempt.
You are engulfed in roaring flames.
The salamander stormcaller hits you but does no damage.
The fire vortex hits you. The fire vortex burns you!
* * * LOW HITPOINT WARNING * * *
The fire vortex dissipates!
The salamander stormcaller barely misses you.
Really walk into that cloud of flame?
You are engulfed in roaring flames.
* * * LOW HITPOINT WARNING * * *
The salamander stormcaller hits you with a trident.
* * * LOW HITPOINT WARNING * * *
You are engulfed in flames!!
You die...

.#......#.### #...##.#..
.#.### ...###......##
#...##.#.##.....#
...##........###...##.#...#..#
............................#
.###........>##.#...#.....##
............###...###...∩.#
.####....#### ##.v........#
.......#..# #§N##.....##
...##.....## ###@.##....##
.#######...###§.v####..<#
..######...##§§#.# #...#
#.(......#...§##.# #...#
#######......#...# #...#
##.......##.....v.......#
.[.......##.#..#####.......
....####..<...###............
########..........###........


You could see a salamander stormcaller.

Vanquished Creatures
  A hydra (D:11)
  The ghost of attackplan the Cleaver, a novice HOFi of Beogh (D:8)
  5 hill giants
  2 ugly things
  A manticore (D:12)
  Maurice (D:8)
  The ghost of bollicks1999 the Shield-Bearer, a novice MiFi (D:5)
  An eye of devastation (shapeshifter) (D:10)
  2 spiny frogs (D:10)
  3 trolls
  A two-headed ogre (D:10)
  8 slime creatures
  Sigmund (D:6)
  A trapdoor spider (D:7)
  2 wyverns (D:9)
  6 yaks (D:11)
  2 wolves (D:10)
  Grum (D:10)
  2 hippogriffs
  A hungry ghost (D:10)
  A mottled dragon (D:12)
  2 soldier ants (D:8)
  8 orc warriors
  3 phantoms
  4 ice beasts
  A porcupine (D:10)
  4 spiders (D:9)
  3 sky beasts
  3 ogres
  A black bear (D:10)
  A wasp (D:10)
  5 centaurs
  A crocodile (D:13)
  2 giant frogs
  A brain worm (D:8)
  A gnoll sergeant (D:6)
  A wyvern zombie (D:11)
  11 big kobolds
  A scorpion (D:6)
  8 wights (D:8)
  3 killer bees (D:10)
  8 crimson imps
  2 giant frog zombies
  6 hounds
  3 centaur skeletons
  2 giant frog skeletons
  Ijyb (D:3)
  3 jellies
  4 orc priests
  Jessica (D:3)
  3 quasits
  5 iguanas
  11 orc wizards
  15 worker ants
  A hell rat (D:10)
  A hound skeleton (D:5)
  3 worker ant zombies
  20 adders
  9 river rats
  7 gnolls
  A shadow imp (D:9)
  An ooze (D:2)
  5 adder zombies
  5 worms
  2 giant geckos
  40 orcs
  6 ball pythons
  7 bats
  7 goblins
  9 hobgoblins
  17 jackals
  10 quokkas
  A ball python zombie (D:5)
  6 giant cockroaches
  A giant gecko skeleton (D:4)
  4 giant newts
  A jackal skeleton (D:4)
  42 kobolds
  2 quokka skeletons (D:4)
  27 rats
407 creatures vanquished.

Vanquished Creatures (others)
  A fire vortex (D:12)
1 creature vanquished.

Grand Total: 408 creatures vanquished

Notes
Turn   | Place    | Note
--------------------------------------------------------------
     0 | D:1      | Heskey the Ogre Berserker began the quest for the Orb.
     0 | D:1      | Reached XP level 1. HP: 24/24 MP: 1/1
   181 | D:1      | Reached XP level 2. HP: 21/32 MP: 2/2
   749 | D:2      | Reached XP level 3. HP: 29/40 MP: 3/3
  1112 | D:2      | Reached ** piety under Trog
  1227 | D:2      | Reached XP level 4. HP: 33/49 MP: 4/4
  1427 | D:2      | Reached skill level 5 in Fighting
  1427 | D:2      | Reached skill level 5 in Maces & Flails
  2261 | D:3      | Noticed Jessica
  2266 | D:3      | Killed Jessica
  2266 | D:3      | Reached XP level 5. HP: 54/57 MP: 5/5
  2642 | D:3      | Noticed Ijyb
  2653 | D:3      | Killed Ijyb
  2917 | D:3      | Reached *** piety under Trog
  3066 | D:4      | Reached skill level 6 in Maces & Flails
  3070 | D:4      | Reached XP level 6. HP: 47/67 MP: 6/6
  3446 | D:4      | Found a staircase to the Ecumenical Temple.
  4052 | D:4      | Noticed an ogre
  4062 | D:4      | Killed an ogre
  4062 | D:4      | Reached skill level 7 in Maces & Flails
  4062 | D:4      | Reached XP level 7. HP: 51/76 MP: 7/7
  4151 | D:5      | Entered Level 5 of the Dungeon
  4363 | D:5      | Reached skill level 5 in Dodging
  4656 | D:5      | Noticed bollicks1999's ghost (novice MiFi)
  4671 | D:5      | Killed bollicks1999's ghost
  4671 | D:5      | Reached skill level 8 in Fighting
  4671 | D:5      | Reached XP level 8. HP: 40/88 MP: 8/8
  5283 | D:6      | Reached skill level 9 in Maces & Flails
  5480 | D:6      | Found Onyosog's Magic Scroll Emporium.
  5659 | D:6      | Reached XP level 9. HP: 82/98 MP: 9/9
  5689 | D:6      | Found a glowing drain.
  5714 | D:6      | Reached **** piety under Trog
  5764 | Sewer    | Entered a sewer
  5830 | Sewer    | Gained mutation: Your muscles are strong. (Str +2) [potion of beneficial mutation]
  5969 | Sewer    | Received a gift from Trog
  6408 | D:6      | Reached skill level 10 in Maces & Flails
  6558 | D:6      | Noticed Sigmund
  6598 | D:6      | Killed Sigmund
  6598 | D:6      | Reached ***** piety under Trog
  6598 | D:6      | Reached skill level 10 in Fighting
  6817 | D:7      | Identified the Grimoire of Shifting Benedictions
  7291 | D:7      | Found Lianasule's Jewellery Emporium.
  7297 | D:7      | Bought a +4 ring of strength for 270 gold pieces
  7401 | D:8      | Reached skill level 11 in Maces & Flails
  7728 | D:8      | Reached XP level 10. HP: 91/113 MP: 10/10
  7833 | D:8      | Noticed a hill giant
  7845 | D:8      | Killed a hill giant
  7963 | D:8      | Noticed attackplan's ghost (novice HOFi)
  7978 | D:8      | Killed attackplan's ghost
  7978 | D:8      | Reached skill level 12 in Maces & Flails
  8265 | D:8      | Found Guecaur's Food Shop.
  8395 | D:8      | Found a shattered altar of Ashenzari.
  8453 | D:8      | Noticed Maurice
  8461 | D:8      | Killed Maurice
  8924 | D:9      | Received a gift from Trog
  8930 | D:9      | Reached XP level 11. HP: 86/124 MP: 11/11
  8985 | D:9      | Reached skill level 13 in Maces & Flails
  9943 | D:10     | Entered Level 10 of the Dungeon
 10031 | D:10     | Noticed Grum
 10037 | D:10     | Killed Grum
 10285 | D:10     | Found a staircase to the Lair.
 10692 | D:10     | Found a portal to a secret trove of treasure.
 11253 | D:10     | Reached ****** piety under Trog
 11329 | D:10     | You fall through a shaft for 3 floors!
 11329 | D:13     | Noticed a hill giant
 11337 | D:13     | Killed a hill giant
 11337 | D:13     | Reached skill level 14 in Maces & Flails
 11606 | D:13     | Reached skill level 10 in Dodging
 11917 | D:10     | Received a gift from Trog
 12154 | D:10     | Noticed a hill giant
 12158 | D:10     | Killed a hill giant
 12158 | D:10     | Reached XP level 12. HP: 136/139 MP: 12/12
 12415 | D:11     | Noticed a six-headed hydra
 12440 | D:11     | Killed a six-headed hydra
 13088 | D:11     | Reached skill level 15 in Maces & Flails
 13406 | D:11     | Lost intelligence.
 13416 | D:12     | Found Ygur's General Store.
 13440 | D:12     | Bought a scroll of enchant armour for 97 gold pieces
 13440 | D:12     | Bought a wand of lightning (5) for 117 gold pieces
 13888 | D:12     | Lost intelligence.
 13918 | D:12     | Reached skill level 1 in Armour
 14328 | D:12     | Noticed a salamander stormcaller
 14332 | D:12     | Mangled by a salamander stormcaller

Action                   |  1- 3 |  4- 6 |  7- 9 | 10-12 || total
-------------------------+-------+-------+-------+-------++-------
Melee: Mace              |   108 |   211 |       |       ||   319
       Giant spiked club |       |       |   363 |   484 ||   847
Throw: Throwing net      |       |       |     1 |     5 ||     6
       Large rock        |       |       |     1 |     4 ||     5
Invok: Berserk           |     1 |     1 |     4 |     4 ||    10
       Burn Spellbooks   |       |       |     1 |       ||     1
Evoke: Wand              |       |       |       |     2 ||     2
  Use: Scroll            |       |     7 |     6 |    10 ||    23
       Potion            |       |     2 |     8 |     8 ||    18
 Stab: Sleeping          |       |       |     1 |       ||     1
  Eat: Chunk             |     2 |     6 |    13 |    24 ||    45
       Meat ration       |       |     1 |       |       ||     1
       Beef jerky        |       |       |     2 |     5 ||     7
       Bread ration      |       |       |     1 |     1 ||     2
       Fruit             |       |       |       |     1 ||     1
